 Dungeon Crawl Stone Soup version 0.28.0-45-g0d030f2227 (webtiles) character file.

Game seed: 9789537618456233653

77 Peloso the Skirmisher (level 4, -1/41 HPs)
             Began as a Minotaur Fighter on Apr 5, 2022.
             Slain by a gnoll shaman
             ... wielding a +0 whip
              (8 damage)
             ... on level 6 of the Dungeon.
             The game lasted 00:02:59 (1628 turns).

Peloso the Skirmisher (Minotaur Fighter)            Turns: 1628, Time: 00:03:00

Health: -1/41      AC:  8    Str: 20    XL:     4   Next: 14%
Magic:  3/3        EV:  9    Int:  5    God:
Gold:   79         SH:  5    Dex: 12    Spells: 3/3 levels left

rFire   . . .      SeeInvis .   a - +7 Throatcutter {drain, coup de grace}
rCold   . . .      Faith    .   c - +0 buckler
rNeg    . . .      Spirit   .   b - +0 scale mail
rPois   .          Reflect  .   (helmet restricted)
rElec   .          Harm     .   (no cloak)
rCorr   .          Rampage  .   (no gloves)
Will    .....                   h - +0 pair of boots
Stlth   ..........              (no amulet)
HPRegen 0.13/turn               (no ring)
MPRegen 0.08/turn               (no ring)

@: no status effects
A: horns 2, retaliatory headbutt
a: no special abilities


You were on level 6 of the Dungeon.
You visited 1 branch of the dungeon, and saw 4 of its levels.

You collected 79 gold pieces.

Inventory:

Hand Weapons
 a - the +7 Throatcutter (weapon) {drain, coup de grace}
   (You found it on level 2 of the Dungeon)

   A truly terrible weapon, it drains the life of any living foe it strikes.
   It may instantly kill foes which have little health.
Missiles
 e - 2 throwing nets (quivered)
Armour
 b - a +0 scale mail (worn)
 c - a +0 buckler (worn)
 h - a +0 pair of boots (worn)
Wands
 i - a wand of digging (8)
Scrolls
 g - a scroll of enchant armour {unknown}
 o - 2 scrolls of identify {unknown}
Potions
 d - a potion of might
 f - 2 potions of curing {unknown}
 j - a potion of brilliance {unknown}
 k - a potion of mutation {unknown}
 l - a potion of magic {unknown}
 m - a potion of heal wounds {unknown}
 n - a potion of attraction {unknown}


   Skills:
 + Level 4.4 Fighting
 + Level 3.5 Long Blades
 + Level 4.3 Armour
 + Level 0.4 Dodging
 + Level 4.1 Shields


You had 3 spell levels left.
You didn't know any spells.
Your spell library contained the following spells:

 Spells                   Type           Power      Damage    Failure   Level
 Dazzling Flash           Conj/Hex       0%         N/A       99%         3
 Agony                    Necr           0%         N/A       100%        5
 Silence                  Hex/Air        0%         N/A       100%        5


Dungeon Overview and Level Annotations

Branches:
Dungeon (3/15)

Altars:

Shops:
D:6 :


Innate Abilities, Weirdness & Mutations

You have a pair of horns on your head.
You reflexively headbutt those who attack you in melee.


Message History

You kill the goblin!
A sourceless malevolence fills the Dungeon...
You fall into a shaft and drop 3 floors!
The shaft crumbles and collapses.
A gnoll, an adder and an iguana come into view.
The iguana hisses angrily.
Found a potion of might.
Found Myulem's Book Boutique.
Found a stone staircase leading down.
A gnoll shaman comes into view. It is wielding a +0 whip.
The gnoll shaman moves out of view.
A scorpion comes into view.
A gnoll comes into view. It is wielding a +0 whip.
The gnoll shouts!
You hear a shout! x2; You hear a distant slurping noise.
A gnoll comes into view. It is wielding a +1 whip of flaming.
You hear a shout!
You slash the adder!
The adder is almost dead.
The gnoll hits you with a +0 whip. The adder closely misses you.
You furiously retaliate!
You headbutt the adder!
You kill the adder!
A gnoll comes into view. It is wielding a +0 spear.
The scorpion stings you but does no damage.
A gnoll comes into view. It is wielding a +0 flail.
The gnoll hits you but does no damage.
You closely miss the scorpion. The scorpion barely misses you.
The gnoll closely misses you.
The gnoll shaman hits you but does no damage.
Unknown command.
You hit the scorpion. Your headbutt misses the scorpion.
The scorpion is lightly wounded.
The scorpion stings you. The iguana bites you! You block the gnoll's attack.
The gnoll shaman hits you with a +0 whip!
The scorpion stings you. The iguana bites you!
* * * LOW HITPOINT WARNING * * *
You slash the scorpion!
The scorpion is heavily wounded.
The scorpion barely misses you. The gnoll hits you with a +0 whip.
* * * LOW HITPOINT WARNING * * *
The gnoll shaman hits you with a +0 whip!
You die...

. .. ##### ...
#######s@g##....
........lg.gg>..
#####.##...gg...
......##..##....
..........# ...
....##...∩....#.
## ...##.....#
#.!.. ..####
##.#. ..#


You could see a gnoll shaman, a scorpion, an iguana and 5 gnolls.

Vanquished Creatures
  3 adders
  3 dart slugs
  3 endoplasms
  A giant cockroach (D:1)
  4 goblins
  3 hobgoblins
  4 jackals (D:2)
  2 quokkas (D:2)
  3 ball pythons
  4 bats
  A frilled lizard (D:2)
  7 kobolds
  5 rats
43 creatures vanquished.

Notes
Turn   | Place    | Note
-------+----------+-------------------------------------------
     0 | D:1      | Peloso the Minotaur Fighter began the quest for the Orb.
     0 | D:1      | Reached XP level 1. HP: 19/19 MP: 0/0
   335 | D:1      | Reached XP level 2. HP: 25/27 MP: 1/1
   721 | D:2      | Found the +7 Throatcutter {drain, coup de grace}
   931 | D:2      | Reached XP level 3. HP: 26/33 MP: 2/2
  1350 | D:2      | Found a faded altar of an unknown god.
  1463 | D:2      | Reached XP level 4. HP: 40/40 MP: 3/3
  1620 | D:3      | You fall into a shaft and drop 3 floors!
  1620 | D:6      | Found Myulem's Book Boutique.
  1622 | D:6      | Noticed a scorpion
  1628 | D:6      | Slain by a gnoll shaman

Illustrated notes

Levels and vault maps discovered:
D:1:      nzn_arrival_depleted_hourglass, layout_basic
D:2:      layout_rooms, chequers_ecumenical_altar_simple,
          hangedman_decor_growths
D:3:      layout_basic
D:6:      layout_basic, serial_shops, nicolae_shop_waterfront,
          nicolae_shop_statue_plus, shop, nicolae_square_shop,
          nicolae_diamond_shop

Skill      XL: |  1  2  3 |
---------------+----------+-----
Armour         | 4 |  4.3
Fighting       | 4 |  4.4
Shields        | 4 |  4.1
Long Blades    | 3 |  3.5
Dodging        | |  0.4

Action                   |  1- 3 |  4- 6 || total
-------------------------+-------+-------++-------
Melee: Long sword        |    68 |     5 ||    73
       Headbutt          |     5 |       ||     5
Armor: Scale mail        |    40 |     3 ||    43
Dodge: Dodged            |    39 |     4 ||    43
Block: Buckler           |    26 |     1 ||    27
